SR
CANONNIERS DE QUEBEC @ ELLESMERE ISLAND SNOWPEOPLE
08/29/2042
 
TOP OF THE 1ST
Canonniers de Quebec batting - Pitching for Ellesmere Island Snowpeople : LHP Luis Ornelas
Pitching: LHP Luis Ornelas
Batting: RHB Ludwig Mangin 0-0: Ball
1-0: Ball
2-0: Foul Ball, location: 2F
2-1: Called Strike
2-2: Ball
3-2: Foul Ball, location: 2F
3-2: Base on Balls
Batting: RHB Manny Costello 0-0: Ball
1-0: Swinging Strike
1-1: Foul Ball, location: 2F
1-2: Foul Ball, location: 2F
1-2: Strikes out looking
Batting: RHB Luis Manuel Pérez 0-0: Ball
1-0: Ball
Ludwig Mangin steals 2nd base
2-0: Fly out, F3 (Popup, 3F, EV 77.5 MPH)
Batting: LHB Tomás Gutiérrez 0-0: Foul Ball, location: 2F
0-1: Fly out, F7 (Flyball, 7, EV 92.5 MPH)
Top of the 1st over - 0 runs, 0 hits, 0 errors, 1 left on base; Canonniers de Quebec 0 - Ellesmere Island 0
BOTTOM OF THE 1ST
Ellesmere Island Snowpeople batting - Pitching for Canonniers de Quebec : LHP François L'Écuyer
Pitching: LHP François L'Écuyer
Batting: SHB Clive Edney 0-0: Swinging Strike
0-1: Called Strike
0-2: Foul Ball, location: 2F
0-2: Foul Ball, location: 2F
0-2: Ball
1-2: Ground out 1-3 (Groundball, 13S, EV 73.1 MPH)
Batting: RHB Ramón Rodríguez 0-0: Ball
1-0: Called Strike
1-1: Swinging Strike
1-2: Fly out, F8 (Flyball, 8RM, EV 89.4 MPH)
Batting: RHB Ramón Rodríguez 0-0: Ball
1-0: Called Strike
1-1: Fly out, F7 (Flyball, 7LD, EV 77.5 MPH)
Bottom of the 1st over - 0 runs, 0 hits, 0 errors, 0 left on base; Canonniers de Quebec 0 - Ellesmere Island 0
TOP OF THE 2ND
Canonniers de Quebec batting - Pitching for Ellesmere Island Snowpeople : LHP Luis Ornelas
Batting: RHB Rich Robinson 0-0: Swinging Strike
0-1: Ball
1-1: Ball
2-1: Foul Ball, location: 2F
2-2: Strikes out looking
Batting: RHB Gael Kerwin 0-0: Ball
1-0: Called Strike
1-1: Ball
2-1: Ground out U3 (Groundball, 34, EV 83.1 MPH)
Batting: LHB Mark Weber 0-0: Ball
1-0: Foul Ball, location: 2F
1-1: Foul Ball, location: 2F
1-2: Ground out 2-3 (Groundball, 2L, EV 70.0 MPH)
Top of the 2nd over - 0 runs, 0 hits, 0 errors, 0 left on base; Canonniers de Quebec 0 - Ellesmere Island 0
BOTTOM OF THE 2ND
Ellesmere Island Snowpeople batting - Pitching for Canonniers de Quebec : LHP François L'Écuyer
Batting: RHB Ron Jackson 0-0: Ball
1-0: Fly out, F7 (Flyball, 78D, EV 95.0 MPH)
Batting: LHB James Moya 0-0: Called Strike
0-1: Called Strike
0-2: Foul Ball, location: 2F
0-2: Ball
1-2: Ball
2-2: Ball
3-2: Foul Ball, location: 2F
3-2: Foul Ball, location: 2F
3-2: Foul Ball, location: 2F
3-2: Foul Ball, location: 2F
3-2: Strikes out swinging
Batting: RHB Red Greene 0-0: Foul Ball, location: 2F
0-1: Ground out U3 (Groundball, 34, EV 82.5 MPH)
Bottom of the 2nd over - 0 runs, 0 hits, 0 errors, 0 left on base; Canonniers de Quebec 0 - Ellesmere Island 0
TOP OF THE 3RD
Canonniers de Quebec batting - Pitching for Ellesmere Island Snowpeople : LHP Luis Ornelas
Batting: RHB Ron Johnson 0-0: Called Strike
0-1: Ground out 6-3 (Groundball, 6M, EV 94.4 MPH)
Batting: RHB José Negrete 0-0: Fly out, F8 (Flyball, 8LM, EV 85.0 MPH)
Batting: RHB Ludwig Mangin 0-0: Called Strike
0-1: Foul Ball, location: 2F
0-2: Ball
1-2: Ball
2-2: Strikes out swinging
Top of the 3rd over - 0 runs, 0 hits, 0 errors, 0 left on base; Canonniers de Quebec 0 - Ellesmere Island 0
BOTTOM OF THE 3RD
Ellesmere Island Snowpeople batting - Pitching for Canonniers de Quebec : LHP François L'Écuyer
Batting: RHB Donald White 0-0: Ball
1-0: Foul Ball, location: 2F
1-1: Ball
2-1: Called Strike
2-2: Foul Ball, location: 2F
2-2: Foul Ball, location: 2F
2-2: Ball
3-2: Ground out 5-3 (Groundball, 56, EV 91.9 MPH)
Batting: RHB Howard Moore 0-0: Called Strike
0-1: Ball
1-1: DOUBLE (Flyball, 78XD, EV 100.0 MPH)
Batting: RHB Luis Rey 0-0: Swinging Strike
0-1: Foul Ball, location: 2F
0-2: Strikes out swinging
Batting: SHB Clive Edney 0-0: Swinging Strike
0-1: Foul Ball, location: 2F
0-2: Ball
1-2: Strikes out looking
Bottom of the 3rd over - 0 runs, 1 hit, 0 errors, 1 left on base; Canonniers de Quebec 0 - Ellesmere Island 0
TOP OF THE 4TH
Canonniers de Quebec batting - Pitching for Ellesmere Island Snowpeople : LHP Luis Ornelas
Batting: RHB Manny Costello 0-0: Ball
1-0: Foul Ball, location: 2F
1-1: Swinging Strike
1-2: Fly out, F8 (Flyball, 8LXD, EV 96.9 MPH)
Batting: RHB Luis Manuel Pérez 0-0: Ball
1-0: Ball
2-0: Foul Ball, location: 2F
2-1: Swinging Strike
2-2: Foul Ball, location: 2F
2-2: Foul Ball, location: 2F
2-2: Fly out, F7 (Flyball, 7S, EV 80.6 MPH)
Batting: LHB Tomás Gutiérrez 0-0: Called Strike
0-1: Ball
1-1: Ground out U3 (Groundball, 3L, EV 85.0 MPH)
Top of the 4th over - 0 runs, 0 hits, 0 errors, 0 left on base; Canonniers de Quebec 0 - Ellesmere Island 0
BOTTOM OF THE 4TH
Ellesmere Island Snowpeople batting - Pitching for Canonniers de Quebec : LHP François L'Écuyer
Batting: RHB Ramón Rodríguez 0-0: Called Strike
0-1: Swinging Strike
0-2: Ball
1-2: Foul Ball, location: 2F
1-2: Ball
2-2: Foul Ball, location: 2F
2-2: Ball
3-2: Foul Ball, location: 2F
3-2: Strikes out looking
Batting: RHB Ramón Rodríguez 0-0: Called Strike
0-1: Reached on error, E1 (Groundball, 34S, EV 86.2 MPH)
Batting: RHB Ron Jackson 0-0: Ball
1-0: Ball
2-0: Ball
3-0: Called Strike
3-1: SINGLE (Line Drive, 6MD, EV 94.4 MPH)
Ramón Rodríguez to third
Runner from 3rd tries for Home, SAFE, throw by CF to home
Batting: LHB James Moya 0-0: Ball
1-0: Called Strike
Ron Jackson is caught stealing 2nd base 2-6
1-1: Ball
2-1: Ball
3-1: Foul Ball, location: 2F
3-2: Strikes out looking
Bottom of the 4th over - 1 run, 1 hit, 1 error, 0 left on base; Canonniers de Quebec 0 - Ellesmere Island 1
TOP OF THE 5TH
Canonniers de Quebec batting - Pitching for Ellesmere Island Snowpeople : LHP Luis Ornelas
Batting: RHB Rich Robinson 0-0: Fly out, F8 (Line Drive, 8RD, EV 96.2 MPH)
Batting: RHB Gael Kerwin 0-0: Foul Ball, location: 2F
0-1: Called Strike
0-2: Foul Ball, location: 2F
0-2: Ball
1-2: Ball
2-2: Foul Ball, location: 2F
2-2: Ground out 5-3 (Groundball, 56, EV 75.6 MPH)
Batting: LHB Mark Weber 0-0: Ball
1-0: Ball
2-0: DOUBLE (Line Drive, 78M, EV 99.4 MPH)
Pitching: RHP Luis Castillo
Batting: RHB Ron Johnson 0-0: Reached on error, E5 (Groundball, 56S, EV 64.4 MPH)
Mark Weber to third
Batting: RHB José Negrete 0-0: Ground out 6-3 (Groundball, 6S, EV 85.6 MPH)
Top of the 5th over - 0 runs, 1 hit, 1 error, 2 left on base; Canonniers de Quebec 0 - Ellesmere Island 1
BOTTOM OF THE 5TH
Ellesmere Island Snowpeople batting - Pitching for Canonniers de Quebec : LHP François L'Écuyer
Batting: RHB Red Greene 0-0: Called Strike
0-1: Foul Ball, location: 2F
0-2: Strikes out swinging, 2-3 out at first.
Batting: RHB Donald White 0-0: Foul Ball, location: 2F
0-1: Ball
1-1: Foul Ball, location: 2F
1-2: Ball
2-2: Strikes out swinging
Batting: RHB Howard Moore 0-0: Ball
1-0: Ball
2-0: Ball
3-0: Called Strike
3-1: Called Strike
3-2: Fly out, F7 (Flyball, 7S, EV 84.4 MPH)
Bottom of the 5th over - 0 runs, 0 hits, 0 errors, 0 left on base; Canonniers de Quebec 0 - Ellesmere Island 1
TOP OF THE 6TH
Canonniers de Quebec batting - Pitching for Ellesmere Island Snowpeople : RHP Luis Castillo
Batting: RHB Ludwig Mangin 0-0: Fly out, F8 (Line Drive, 8RM, EV 93.8 MPH)
Batting: RHB Manny Costello 0-0: Ball
1-0: Ball
2-0: Ball
3-0: Base on Balls
Batting: RHB Luis Manuel Pérez 0-0: Ball
1-0: Called Strike
1-1: SINGLE (Groundball, 6MD, EV 96.2 MPH)
Manny Costello to second
Runner from 2nd tries for 3rd, SAFE, no throw by CF
Batting: LHB Tomás Gutiérrez 0-0: Called Strike
0-1: Ball
1-1: Foul Ball, location: 2F
1-2: Grounds into double play, 6-4-3 (Groundball, 6, EV 80.0 MPH)
Top of the 6th over - 0 runs, 1 hit, 0 errors, 1 left on base; Canonniers de Quebec 0 - Ellesmere Island 1
BOTTOM OF THE 6TH
Ellesmere Island Snowpeople batting - Pitching for Canonniers de Quebec : LHP François L'Écuyer
Batting: RHB Luis Rey 0-0: Fly out, F3 (Popup, 34S, EV 66.2 MPH)
Batting: SHB Clive Edney 0-0: Called Strike
0-1: Ball
1-1: Ball
2-1: Ball
3-1: Base on Balls
Batting: RHB Ramón Rodríguez 0-0: Ball
1-0: Called Strike
1-1: Called Strike
1-2: SINGLE (Groundball, 56D, EV 96.9 MPH)
Clive Edney to second
Runner from 2nd tries for 3rd, SAFE, throw by LF made to third
Batting: RHB Ramón Rodríguez 0-0: Called Strike
0-1: Foul Ball, location: 2F
0-2: Strikes out swinging
Batting: RHB Ron Jackson 0-0: Called Strike
0-1: Ball
1-1: Foul Ball, location: 2F
1-2: Foul Ball, location: 2F
1-2: Fly out, F8 (Line Drive, 8LM, EV 84.4 MPH)
Bottom of the 6th over - 0 runs, 1 hit, 0 errors, 2 left on base; Canonniers de Quebec 0 - Ellesmere Island 1
TOP OF THE 7TH
Canonniers de Quebec batting - Pitching for Ellesmere Island Snowpeople : RHP Luis Castillo
Batting: RHB Rich Robinson 0-0: Called Strike
0-1: Foul Ball, location: 2F
0-2: Foul Ball, location: 2F
0-2: Strikes out swinging
Batting: RHB Gael Kerwin 0-0: Fly out, F8 (Flyball, 8RS, EV 90.0 MPH)
Batting: LHB Mark Weber 0-0: Called Strike
0-1: Called Strike
0-2: Strikes out looking
Top of the 7th over - 0 runs, 0 hits, 0 errors, 0 left on base; Canonniers de Quebec 0 - Ellesmere Island 1
BOTTOM OF THE 7TH
Ellesmere Island Snowpeople batting - Pitching for Canonniers de Quebec : LHP François L'Écuyer
Pitching: RHP Pedro Maestas
Batting: LHB James Moya 0-0: Ball
1-0: Called Strike
1-1: Swinging Strike
1-2: SINGLE (Groundball, 6M, EV 86.9 MPH) (infield hit)
Batting: RHB Red Greene 0-0: Called Strike
0-1: Ball
1-1: Swinging Strike
1-2: Foul Ball, location: 2F
1-2: Strikes out swinging
Batting: RHB Donald White 0-0: Swinging Strike
0-1: Called Strike
0-2: Ball
1-2: Foul Ball, location: 2F
1-2: Ground out 5-3 (Groundball, 56S, EV 82.5 MPH)
James Moya to second
Batting: RHB Howard Moore 0-0: Called Strike
0-1: Ball
1-1: Fly out, F9 (Flyball, 9D, EV 97.5 MPH)
Bottom of the 7th over - 0 runs, 1 hit, 0 errors, 1 left on base; Canonniers de Quebec 0 - Ellesmere Island 1
TOP OF THE 8TH
Canonniers de Quebec batting - Pitching for Ellesmere Island Snowpeople : RHP Luis Castillo
Now at 3B: Frank Steeneveld
Batting: RHB Ron Johnson 0-0: Called Strike
0-1: Fly out, F8 (Flyball, 8LM, EV 90.6 MPH)
Batting: RHB José Negrete 0-0: Ball
1-0: Fly out, F7 (Line Drive, 7, EV 86.2 MPH)
Batting: RHB Ludwig Mangin 0-0: Ball
1-0: Foul Ball, location: 2F
1-1: Fly out, F8 (Line Drive, 8RD, EV 88.8 MPH)
Top of the 8th over - 0 runs, 0 hits, 0 errors, 0 left on base; Canonniers de Quebec 0 - Ellesmere Island 1
BOTTOM OF THE 8TH
Ellesmere Island Snowpeople batting - Pitching for Canonniers de Quebec : RHP Pedro Maestas
Batting: RHB Luis Rey 0-0: Called Strike
0-1: Called Strike
0-2: Strikes out swinging
Batting: SHB Clive Edney 0-0: Ball
1-0: Ball
2-0: Called Strike
2-1: Called Strike
2-2: Ball
3-2: Ground out 1-3 (Groundball, 13, EV 85.0 MPH)
Batting: RHB Ramón Rodríguez 0-0: Ball
1-0: Swinging Strike
1-1: Foul Ball, location: 2F
1-2: Ball
2-2: Strikes out swinging
Bottom of the 8th over - 0 runs, 0 hits, 0 errors, 0 left on base; Canonniers de Quebec 0 - Ellesmere Island 1
TOP OF THE 9TH
Canonniers de Quebec batting - Pitching for Ellesmere Island Snowpeople : RHP Luis Castillo
Pitching: RHP Danny Antonio
Batting: RHB Manny Costello 0-0: Ball
1-0: Ball
2-0: Called Strike
2-1: Ball
3-1: Foul Ball, location: 2F
3-2: SINGLE (Flyball, 9LS, EV 97.5 MPH)
Batting: RHB Luis Manuel Pérez 0-0: Ball
1-0: Fly out, F7 (Flyball, 78M, EV 80.0 MPH)
Batting: LHB Tomás Gutiérrez 0-0: Ball
1-0: Grounds into double play, 5-4-3 (Groundball, 5L, EV 86.2 MPH)
Top of the 9th over - 0 runs, 1 hit, 0 errors, 0 left on base; Canonniers de Quebec 0 - Ellesmere Island 1
Friday, March 26th, 2021 - OOTP Baseball 20.8 Build 74